MLB
MIAMI MARLINS @ PITTSBURGH PIRATES
09/03/2019
 
TOP OF THE 1ST
Miami Marlins batting - Pitching for Pittsburgh Pirates : RHP Ben Heller
Pitching: RHP Ben Heller
Batting: LHB Kyle Tucker 0-0: Called Strike
0-1: Foul Ball, location: 2F
0-2: Ball
1-2: Ball
2-2: Strikes out looking
Batting: LHB David Dahl 0-0: Ground out 6-3 (Groundball, 6, EV 82.5 MPH)
Batting: SHB Francisco Lindor 0-0: Ball
1-0: Ball
2-0: Ball
3-0: Base on Balls
Batting: RHB Javier Baez 0-0: Fielders Choice at 2nd, 5-4 (Groundball, 5L, EV 102.5 MPH)
Top of the 1st over - 0 runs, 0 hits, 0 errors, 1 left on base; Miami 0 - Pittsburgh 0
BOTTOM OF THE 1ST
Pittsburgh Pirates batting - Pitching for Miami Marlins : LHP Sean Newcomb
Pitching: LHP Sean Newcomb
Batting: RHB Byron Buxton 0-0: Called Strike
0-1: Swinging Strike
0-2: Strikes out looking
Batting: LHB Jason Kipnis 0-0: Ball
1-0: SINGLE (Groundball, 4MD, EV 114.4 MPH)
Batting: LHB LaMonte Wade 0-0: Called Strike
0-1: Ball
1-1: Ball
2-1: Grounds into double play, 5-4-3 (Groundball, 5L, EV 101.9 MPH)
Bottom of the 1st over - 0 runs, 1 hit, 0 errors, 0 left on base; Miami 0 - Pittsburgh 0
TOP OF THE 2ND
Miami Marlins batting - Pitching for Pittsburgh Pirates : RHP Ben Heller
Batting: RHB Miguel Andujar 0-0: Ball
1-0: Ball
2-0: Ball
3-0: Base on Balls
Batting: LHB Max Kepler 0-0: Swinging Strike
0-1: Ball
1-1: Ball
2-1: SINGLE (Flyball, 9LM, EV 87.5 MPH)
Miguel Andujar to second
Batting: RHB C.J. Cron 0-0: Called Strike
0-1: Called Strike
0-2: Ball
1-2: Ball
2-2: Strikes out swinging
Batting: LHB Chance Sisco 0-0: Foul Ball, location: 2F
0-1: Ball
1-1: Foul Ball, location: 2F
1-2: Ball
2-2: Strikes out swinging
Batting: LHB Sean Newcomb 0-0: Called Strike
0-1: Fielders Choice at 2nd, 5-4 (Groundball, 56, EV 85.0 MPH)
Top of the 2nd over - 0 runs, 1 hit, 0 errors, 2 left on base; Miami 0 - Pittsburgh 0
BOTTOM OF THE 2ND
Pittsburgh Pirates batting - Pitching for Miami Marlins : LHP Sean Newcomb
Batting: RHB Franmil Reyes 0-0: Ball
1-0: Foul Ball, location: 2F
1-1: Called Strike
1-2: Ball
2-2: Foul Ball, location: 2F
2-2: Foul Ball, location: 2F
2-2: Ball
3-2: SINGLE (Flyball, 9S, EV 85.6 MPH)
Batting: RHB Ryan Zimmerman 0-0: Called Strike
0-1: Fly out, F8 (Flyball, 89S, EV 83.1 MPH)
Batting: LHB Jake Lamb 0-0: Ball
1-0: Fielders Choice at 2nd, 4-6 (Groundball, 34, EV 83.8 MPH)
Batting: RHB Renato Nunez 0-0: Ball
1-0: Called Strike
1-1: Ball
2-1: Foul Ball, location: 2F
2-2: Fly out, F2 (Popup, 23F, EV 88.1 MPH)
Bottom of the 2nd over - 0 runs, 1 hit, 0 errors, 1 left on base; Miami 0 - Pittsburgh 0
TOP OF THE 3RD
Miami Marlins batting - Pitching for Pittsburgh Pirates : RHP Ben Heller
Batting: LHB Kyle Tucker 0-0: Swinging Strike
0-1: Foul Ball, location: 2F
0-2: Strikes out looking
Batting: LHB David Dahl 0-0: Foul Ball, location: 2F
0-1: Ball
1-1: Called Strike
1-2: Foul Ball, location: 2F
1-2: Ball
2-2: Ball
3-2: Foul Ball, location: 2F
3-2: Strikes out looking
Batting: SHB Francisco Lindor 0-0: Swinging Strike
0-1: Ball
1-1: DOUBLE (Flyball, 78XD, EV 105.0 MPH)
Batting: RHB Javier Baez 0-0: Called Strike
0-1: SINGLE (Line Drive, 34D, EV 97.5 MPH)
Francisco Lindor to third
Runner from 3rd tries for Home, SAFE, no throw by RF
Batting: RHB Miguel Andujar 0-0: Ball
1-0: Ground out 5-3 (Groundball, 56, EV 80.0 MPH)
Top of the 3rd over - 1 run, 2 hits, 0 errors, 1 left on base; Miami 1 - Pittsburgh 0
BOTTOM OF THE 3RD
Pittsburgh Pirates batting - Pitching for Miami Marlins : LHP Sean Newcomb
Batting: RHB Robinson Chirinos 0-0: Ball
1-0: Called Strike
1-1: Called Strike
1-2: Strikes out swinging
Batting: RHB Ben Heller 0-0: Called Strike
0-1: Called Strike
0-2: Ball
1-2: Ground out 6-3 (Groundball, 6, EV 108.1 MPH)
Batting: RHB Byron Buxton 0-0: Ball
1-0: Ball
2-0: Called Strike
2-1: Ball
3-1: Base on Balls
Batting: LHB Jason Kipnis 0-0: Ball
1-0: Ball
Byron Buxton steals 2nd base
2-0: Called Strike
2-1: Called Strike
2-2: Strikes out swinging
Bottom of the 3rd over - 0 runs, 0 hits, 0 errors, 1 left on base; Miami 1 - Pittsburgh 0
TOP OF THE 4TH
Miami Marlins batting - Pitching for Pittsburgh Pirates : RHP Ben Heller
Batting: LHB Max Kepler 0-0: Called Strike
0-1: Ball
1-1: Ball
2-1: Ball
3-1: Base on Balls
Batting: RHB C.J. Cron 0-0: Ball
1-0: Ball
2-0: Grounds into double play, 6-4-3 (Groundball, 6, EV 103.8 MPH)
Batting: LHB Chance Sisco 0-0: Foul Ball, location: 2F
0-1: Foul Ball, location: 2F
0-2: Strikes out swinging
Top of the 4th over - 0 runs, 0 hits, 0 errors, 0 left on base; Miami 1 - Pittsburgh 0
BOTTOM OF THE 4TH
Pittsburgh Pirates batting - Pitching for Miami Marlins : LHP Sean Newcomb
Batting: LHB LaMonte Wade 0-0: Ball
1-0: Ball
2-0: Fly out, F7 (Line Drive, 7, EV 94.4 MPH)
Batting: RHB Franmil Reyes 0-0: Foul Ball, location: 2F
0-1: Swinging Strike
0-2: Ball
1-2: Strikes out swinging
Batting: RHB Ryan Zimmerman 0-0: Called Strike
0-1: Ball
1-1: Ball
2-1: Called Strike
2-2: Strikes out swinging
Bottom of the 4th over - 0 runs, 0 hits, 0 errors, 0 left on base; Miami 1 - Pittsburgh 0
TOP OF THE 5TH
Miami Marlins batting - Pitching for Pittsburgh Pirates : RHP Ben Heller
Batting: LHB Sean Newcomb 0-0: Ball
1-0: Called Strike
1-1: Ball
2-1: Foul Ball, location: 2F
2-2: Strikes out swinging
Batting: LHB Kyle Tucker 0-0: Called Strike
0-1: Swinging Strike
0-2: Ball
1-2: Ball
2-2: Strikes out swinging
Batting: LHB David Dahl 0-0: Swinging Strike
0-1: Ball
1-1: Foul Ball, location: 2F
1-2: SINGLE (Line Drive, 89S, EV 102.5 MPH)
Batting: SHB Francisco Lindor 0-0: Ball
David Dahl is caught stealing 2nd base 2-6
Top of the 5th over - 0 runs, 1 hit, 0 errors, 0 left on base; Miami 1 - Pittsburgh 0
BOTTOM OF THE 5TH
Pittsburgh Pirates batting - Pitching for Miami Marlins : LHP Sean Newcomb
Batting: LHB Jake Lamb 0-0: Called Strike
0-1: Ball
1-1: Ball
2-1: Called Strike
2-2: Ball
3-2: Base on Balls
Batting: RHB Renato Nunez 0-0: Ball
1-0: Foul Ball, location: 2F
1-1: SINGLE (Line Drive, 89M, EV 106.3 MPH)
Jake Lamb to second
Batting: RHB Robinson Chirinos 0-0: Ball
1-0: Called Strike
1-1: Ball
2-1: Foul Ball, location: 2F
2-2: Grounds into double play, U4-3 (Groundball, 6M, EV 79.4 MPH)
Jake Lamb to third
Pinch Hitting: RHB Cameron Maybin 0-0: Ball
1-0: Called Strike
1-1: Foul Ball, location: 2F
1-2: Ball
2-2: Strikes out swinging
Bottom of the 5th over - 0 runs, 1 hit, 0 errors, 1 left on base; Miami 1 - Pittsburgh 0
TOP OF THE 6TH
Miami Marlins batting - Pitching for Pittsburgh Pirates : RHP Ben Heller
Pitching: LHP Taylor Rogers
Batting: SHB Francisco Lindor 0-0: Called Strike
0-1: Ground out 4-3 (Groundball, 4, EV 109.4 MPH)
Batting: RHB Javier Baez 0-0: SINGLE (Groundball, 6MD, EV 100.0 MPH)
Batting: RHB Miguel Andujar 0-0: Called Strike
0-1: Called Strike
0-2: Ball
1-2: Foul Ball, location: 2F
1-2: Ball
2-2: Ball
3-2: DOUBLE (Line Drive, 78D, EV 107.5 MPH)
Javier Baez to third
Batting: LHB Max Kepler 0-0: Called Strike
0-1: Called Strike
0-2: Ball
1-2: Ball
2-2: Foul Ball, location: 2F
2-2: Foul Ball, location: 2F
2-2: Ball
3-2: Foul Ball, location: 2F
3-2: Base on Balls
Pitching: RHP Nick Kingham
Batting: RHB C.J. Cron 0-0: Ball
1-0: SINGLE (Groundball, 56, EV 86.3 MPH) (infield hit)
Javier Baez scores
Miguel Andujar to third
Max Kepler to second
Batting: LHB Chance Sisco 0-0: Called Strike
0-1: Ball
1-1: SINGLE (Groundball, 6, EV 83.8 MPH) (infield hit)
Miguel Andujar scores
Max Kepler to third
C.J. Cron to second
Pinch Runner at 1st Cheslor Cuthbert:
Batting: LHB Sean Newcomb 0-0: Foul Ball, location: 2F
0-1: Foul Ball, location: 2F
0-2: Strikes out swinging
Batting: LHB Kyle Tucker 0-0: Ball
1-0: SINGLE (Line Drive, 89M, EV 98.1 MPH)
Max Kepler scores
C.J. Cron to third
Cheslor Cuthbert to second
Runner from 3rd tries for Home, SAFE, throw by RF to home
Batting: LHB David Dahl 0-0: Foul Ball, location: 2F
0-1: Fly out, F5 (Line Drive, 5, EV 60.6 MPH)
Top of the 6th over - 4 runs, 5 hits, 0 errors, 2 left on base; Miami 5 - Pittsburgh 0
BOTTOM OF THE 6TH
Pittsburgh Pirates batting - Pitching for Miami Marlins : LHP Sean Newcomb
Now at C: Luke Maile
Batting: RHB Byron Buxton 0-0: Foul Ball, location: 2F
0-1: Called Strike
0-2: Ball
1-2: Fly out, F9 (Line Drive, 9D, EV 86.9 MPH)
Batting: LHB Jason Kipnis 0-0: Called Strike
0-1: Called Strike
0-2: SINGLE (Line Drive, 7S, EV 104.4 MPH)
Batting: LHB LaMonte Wade 0-0: Ball
1-0: Ball
2-0: Foul Ball, location: 2F
2-1: Swinging Strike
2-2: Ball
3-2: Base on Balls
Jason Kipnis to second
Batting: RHB Franmil Reyes 0-0: Ball
1-0: Ball
2-0: Grounds into double play, 6-4-3 (Groundball, 6D, EV 98.1 MPH)
Bottom of the 6th over - 0 runs, 1 hit, 0 errors, 1 left on base; Miami 5 - Pittsburgh 0
TOP OF THE 7TH
Miami Marlins batting - Pitching for Pittsburgh Pirates : RHP Nick Kingham
Batting: SHB Francisco Lindor 0-0: Called Strike
0-1: Foul Ball, location: 2F
0-2: SINGLE (Groundball, 34S, EV 71.9 MPH) (infield hit)
Batting: RHB Javier Baez 0-0: Ball
1-0: Called Strike
1-1: Fly out, F7 (Flyball, 7, EV 88.8 MPH)
Batting: RHB Miguel Andujar 0-0: SINGLE (Groundball, 56D, EV 104.4 MPH)
Francisco Lindor to second
Batting: LHB Max Kepler 0-0: Called Strike
0-1: Ball
1-1: Ball
2-1: Foul Ball, location: 2F
2-2: Strikes out swinging
Batting: RHB C.J. Cron 0-0: Ball
1-0: Called Strike
1-1: Ball
2-1: Foul Ball, location: 2F
2-2: Foul Ball, location: 2F
2-2: Foul Ball, location: 2F
2-2: Ball
3-2: Base on Balls
Francisco Lindor to third
Miguel Andujar to second
Batting: RHB Luke Maile 0-0: Called Strike
0-1: Foul Ball, location: 2F
0-2: Ball
1-2: Ball
2-2: Ball
3-2: Ground out 3-1 (Groundball, 34, EV 95.0 MPH)
Top of the 7th over - 0 runs, 2 hits, 0 errors, 3 left on base; Miami 5 - Pittsburgh 0
BOTTOM OF THE 7TH
Pittsburgh Pirates batting - Pitching for Miami Marlins : LHP Sean Newcomb
Batting: RHB Ryan Zimmerman 0-0: Ball
1-0: SINGLE (Line Drive, 78S, EV 106.9 MPH)
Pitching: LHP Luiz Gohara
Batting: LHB Jake Lamb 0-0: Called Strike
0-1: Ball
1-1: Ball
2-1: Called Strike
2-2: Ball
3-2: Strikes out swinging
Batting: RHB Renato Nunez 0-0: Ball
1-0: DOUBLE (Flyball, 8RXD, EV 106.9 MPH)
Ryan Zimmerman to third
Batting: RHB Robinson Chirinos 0-0: Called Strike
0-1: Ground out 6-3 (Groundball, 6, EV 83.1 MPH)
Ryan Zimmerman scores
Pinch Hitting: LHB Billy McKinney 0-0: Ball
1-0: Foul Ball, location: 2F
1-1: DOUBLE (Groundball, 5L, EV 105.0 MPH)
Renato Nunez scores
Batting: RHB Byron Buxton 0-0: Called Strike
0-1: Ball
1-1: Ball
2-1: Ball
3-1: Base on Balls
Batting: LHB Jason Kipnis 0-0: Called Strike
0-1: Fielders Choice at 2nd, 6-4 (Groundball, 6MD, EV 104.4 MPH)
Bottom of the 7th over - 2 runs, 3 hits, 0 errors, 2 left on base; Miami 5 - Pittsburgh 2
TOP OF THE 8TH
Miami Marlins batting - Pitching for Pittsburgh Pirates : RHP Nick Kingham
Pitching: RHP Matt Bush
Pinch Hitting: SHB Rey Navarro 0-0: Ball
1-0: Ball
2-0: Fly out, F5 (Line Drive, 5, EV 71.3 MPH)
Batting: LHB Kyle Tucker 0-0: Ball
1-0: Called Strike
1-1: Foul Ball, location: 2F
1-2: Strikes out swinging
Batting: LHB David Dahl 0-0: Called Strike
0-1: Swinging Strike
0-2: Ball
1-2: Strikes out looking
Top of the 8th over - 0 runs, 0 hits, 0 errors, 0 left on base; Miami 5 - Pittsburgh 2
BOTTOM OF THE 8TH
Pittsburgh Pirates batting - Pitching for Miami Marlins : LHP Luiz Gohara
Pitching: RHP Jordan Hicks
Batting: LHB LaMonte Wade 0-0: Ball
1-0: Ball
2-0: Called Strike
2-1: Ball
3-1: Swinging Strike
3-2: Foul Ball, location: 2F
3-2: Foul Ball, location: 2F
3-2: Foul Ball, location: 2F
3-2: Strikes out swinging
Batting: RHB Franmil Reyes 0-0: Called Strike
0-1: Fly out, F6 (Popup, 6MD, EV 66.9 MPH)
Batting: RHB Ryan Zimmerman 0-0: Ball
1-0: Ball
2-0: Foul Ball, location: 2F
2-1: Swinging Strike
2-2: Strikes out swinging
Bottom of the 8th over - 0 runs, 0 hits, 0 errors, 0 left on base; Miami 5 - Pittsburgh 2
TOP OF THE 9TH
Miami Marlins batting - Pitching for Pittsburgh Pirates : RHP Matt Bush
Pitching: RHP Trevor May
Batting: SHB Francisco Lindor 0-0: Called Strike
0-1: Ball
1-1: Called Strike
1-2: Strikes out swinging
Batting: RHB Javier Baez 0-0: Called Strike
0-1: Foul Ball, location: 2F
0-2: Strikes out swinging
Batting: RHB Miguel Andujar 0-0: Ball
1-0: DOUBLE (Groundball, 5L, EV 102.5 MPH)
Batting: LHB Max Kepler 0-0: 2-RUN HOME RUN (Flyball, 89XD, EV 93.1 MPH), Distance : 448 ft
Batting: RHB C.J. Cron 0-0: SOLO HOME RUN (Flyball, 7D, EV 90.6 MPH), Distance : 366 ft
Pitching: RHP Tyler Mahle
Batting: RHB Luke Maile 0-0: Swinging Strike
0-1: Swinging Strike
0-2: Ball
1-2: Ball
2-2: Ground out 6-3 (Groundball, 6, EV 81.9 MPH)
Top of the 9th over - 3 runs, 3 hits, 0 errors, 0 left on base; Miami 8 - Pittsburgh 2
BOTTOM OF THE 9TH
Pittsburgh Pirates batting - Pitching for Miami Marlins : RHP Jordan Hicks
Batting: LHB Jake Lamb 0-0: Ball
1-0: Foul Ball, location: 2F
1-1: Called Strike
1-2: Strikes out swinging
Batting: RHB Renato Nunez 0-0: Ball
1-0: Called Strike
1-1: Ball
2-1: Fly out, F9 (Flyball, 8RM, EV 83.1 MPH)
Batting: RHB Robinson Chirinos 0-0: Ball
1-0: Ball
2-0: Ball
3-0: Base on Balls
Pinch Hitting: LHB Bobby Bradley 0-0: Ball
1-0: SINGLE (Groundball, 56D, EV 93.8 MPH)
Robinson Chirinos to second
Batting: RHB Byron Buxton 0-0: Ball
1-0: Foul Ball, location: 2F
1-1: Ball
2-1: TRIPLE (Line Drive, 9LD, EV 98.1 MPH)
Robinson Chirinos scores
Bobby Bradley scores
Batting: LHB Jason Kipnis 0-0: Foul Ball, location: 2F
0-1: Swinging Strike
0-2: Ball
1-2: Ball
2-2: Ball
3-2: Base on Balls
Pitching: RHP Blake Treinen
Now in CF: Alex Gordon
Batting: LHB LaMonte Wade 0-0: Called Strike
0-1: SINGLE (Groundball, 56D, EV 107.5 MPH)
Byron Buxton scores
Jason Kipnis to second
Batting: RHB Franmil Reyes 0-0: Called Strike
0-1: Ground out 6-3 (Groundball, 6D, EV 87.5 MPH)
Bottom of the 9th over - 3 runs, 3 hits, 0 errors, 2 left on base; Miami 8 - Pittsburgh 5
Sunday, December 8th, 2019 - OOTP Baseball 20.8 Build 73